Cogmind - Beta 11 X10 *** ADVENTURER MODE // 2022.02.05 @ 23:18:35 Player: soymachine Result: Destroyed by G-47 Trooper with Particle Gun Performance ------------- Evolutions (3) 1500 Regions Visited (6) 1200 Robots Destroyed (41) 205 Value Destroyed (1520) 1520 Prototype IDs (3) 60 Alien Tech Used (0) 0 Bonus (1081) 1081 TOTAL SCORE: 5566 Bonus ------- High Alert Combat Kills 79 Follower Combat Kills 316 Entered Garrisons 200 Used RIF Installer 500 Friendly Fire -14 Cogmind --------- Core Integrity 0/700 Matter 294/300 Energy 98/100 System Corruption 0% Temperature Cool (9) Movement Core (50) Location -7/Storage Parts ------- > --- POWER (1) -------- (None) > --- PROPULSION (4) --- (None) > --- UTILITY (6) ------ Relay Coupler [NC] (37) > --- WEAPON (2) ------- (None) > --- INVENTORY (5) ---- Sensor Array Improved Medium Armor Plating Relay Coupler [Duelist] (35) Relay Coupler [Demolisher] (28) Drone Bay (2/2) Peak State ------------ > --- POWER ------------ Improved Deuterium Engine > --- PROPULSION ------- Aluminum Leg Improved Aluminum Leg Carbon-fiber Leg Carbon-fiber Leg > --- UTILITY ---------- High-capacity Storage Unit Advanced Visual Processing Unit Improved Core Shielding Hacking Suite > --- WEAPON ----------- Plasma Cannon Flak Gun > --- INVENTORY -------- Medium Storage Unit Sensor Array Improved Medium Armor Plating Relay Coupler [NC] Relay Coupler [Grunt] Relay Coupler [Duelist] Relay Coupler [Sentry] Relay Coupler [Demolisher] Improved EM Shotgun Beam Rifle Beam Rifle Plasma Cannon Light Assault Rifle Datajack Maul [Rating: 36] Favorites ----------- Power Ion Engine Engine Ion Engine Propulsion Light Treads Treads Light Treads Leg Aluminum Leg Wheel Compact Wheel Utility High-capacity Storage Unit Device Sensor Array Storage High-capacity Storage Unit Processor Advanced Visual Processing Unit Hackware Hacking Suite Protection Improved Core Shielding Weapon Assault Rifle Energy Gun Heavy Particle Gun Energy Cannon Light EM Pulse Cannon Ballistic Gun Assault Rifle Impact Weapon Maul Special Melee Weapon Datajack Build | -11 -10 -9 -8 -8 -7 -7 ------- Run | Scr Mat Mat Mat Gar Fac Sto Slots Evolved 6 | . . 2 2 . 2 . Power . | . . . . . . . Propulsion 2 | . . . 2 . . . Utility 4 | . . 2 . . 2 . Weapon . | . . . . . . . Parts Attached 39 | . 1 4 10 15 3 6 Power 3 | . . . . 1 1 1 Engine 3 | . . . . 1 1 1 Core . | . . . . . . . Reactor . | . . . . . . . Propulsion 11 | . . 1 5 5 . . Treads 5 | . . . 4 1 . . Leg 5 | . . 1 . 4 . . Wheel 1 | . . . 1 . . . Hover . | . . . . . . . Flight . | . . . . . . . Utility 9 | . 1 1 3 3 . 1 Device 2 | . . 1 1 . . . Storage 2 | . 1 . 1 . . . Processor 1 | . . . . 1 . . Hackware 2 | . . . 1 . . 1 Protection 2 | . . . . 2 . . Artifact . | . . . . . . . Weapon 16 | . . 2 2 6 2 4 Energy Gun 9 | . . 2 1 3 . 3 Energy Cannon 3 | . . . 1 1 1 . Ballistic Gun 1 | . . . . . 1 . Ballistic Cannon . | . . . . . . . Launcher . | . . . . . . . Special Weapon . | . . . . . . . Impact Weapon 2 | . . . . 1 . 1 Slashing Weapon . | . . . . . . . Piercing Weapon . | . . . . . . . Special Melee Weapon 1 | . . . . 1 . . Unidentified Prototypes 3 | . . . 1 1 . 1 Parts Lost 22 | . . . . 8 2 12 Power 3 | . . . . 1 1 1 Propulsion 8 | . . . . 4 1 3 Utility 4 | . . . . 2 . 2 Weapon 7 | . . . . 1 . 6 Highest Loss Streak 12 | . . . . 4 1 12 To Critical Strikes . | . . . . . . . Average Slot Usage (%) 84 | . 85 74 96 90 80 58 Engine 9 | . 14 11 9 8 5 4 Treads 15 | . . . 35 26 . . Leg 12 | . 28 22 . 2 28 13 Device 6 | . . 8 17 6 . . Storage 9 | . 14 11 9 9 7 6 Processor 3 | . . . . 5 7 6 Hackware 5 | . . . 7 9 7 7 Protection 2 | . . . . 4 7 6 Energy Gun 8 | . 14 11 8 7 1 3 Energy Cannon 2 | . . . 4 2 5 4 Ballistic Gun 5 | . 14 11 4 . 6 4 Impact Weapon 2 | . . . . 5 . 1 Naked Turns . | . . . . . . . Heaviest Build 64 | 14 19 21 55 55 63 64 Greatest Support 80 | 20 20 20 80 80 53 40 Greatest Overweight (x) 15 | . . 1 . 3 1 15 Average Overweight (x) . | . . . . . . 1 Largest Inventory Capacity 20 | . 10 10 20 20 20 20 Average Capacity 16 | . 9 10 19 20 20 17 Most Carried 17 | . 9 10 10 16 16 17 Average Carried 11 | . 8 9 6 12 15 14 Final Capacity 20 | 8 10 10 20 20 20 5 Final Carried 15 | 6 9 10 9 13 15 5 Class Distribution -------------------- 36% | Hacker-Mutant 33% | Mutant 16% | Bothacker-Mutant 9% | Commander-Mutant Dominant Class ---------------- Mutant | -10/Materials Mutant | -9/Materials Hacker-Mutant | -8/Materials Hacker-Mutant | -8/Garrison Bothacker-Mutant | -7/Factory Bothacker-Mutant | -7/Storage Resources | -11 -10 -9 -8 -8 -7 -7 ----------- Run | Scr Mat Mat Mat Gar Fac Sto Matter Collected 681 | 200 25 106 121 107 76 46 Remotely . | . . . . . . . Salvage Created 1406 | . 63 295 307 472 95 174 Parts 77 | . 4 24 12 25 5 7 Haulers Intercepted . | . . . . . . . Recyclers Shooed 1 | . . 1 . . . . Parts Field Recycled . | . . . . . . . Retrieved Matter . | . . . . . . . Parts Self-Destructed . | . . . . . . . Prevented . | . . . . . . . Kills | -11 -10 -9 -8 -8 -7 -7 ------- Run | Scr Mat Mat Mat Gar Fac Sto Combat Hostiles Destroyed 38 | . 1 9 5 14 3 6 Melee 3 | . . . . 3 . . Guns 25 | . 1 9 3 5 3 4 Cannons 7 | . . . 2 3 . 2 AOE 1 | . . . . 1 . . Classes Destroyed 9 | . 2 2 2 1 1 1 Builder 1 | . . . . . 1 . Watcher 2 | . 1 . 1 . . . Swarmer 14 | . . 4 . 7 2 1 Grunt 13 | . 1 3 2 4 . 3 Brawler 1 | . . . . 1 . . Duelist 4 | . . . 1 1 1 1 Sentry 4 | . . 2 1 1 . . Demolisher 1 | . . . . . . 1 Hunter 1 | . . . 1 . . . Best Kill Streak 6 | . 1 4 3 4 3 6 Combat Bots Only 6 | . 1 4 2 4 2 6 Max Kills in Single Turn 2 | . 1 1 1 1 2 1 Gunslinging . | . . . . . . . Exploded 1 | . . . . 1 . . Melee 1 | . . . . 1 . . Uniques/NPCs Destroyed . | . . . . . . . Combat | -11 -10 -9 -8 -8 -7 -7 -------- Run | Scr Mat Mat Mat Gar Fac Sto Damage Taken 3310 | . 17 216 209 1015 376 1477 Core 866 | . . 38 8 120 52 648 Absorbed by Shields . | . . . . . . . Redirected to Shielding 101 | . . . . 5 21 75 Core Remaining (%) 91 | 100 100 90 . 76 . . Volleys Fired 92 | . 5 22 18 25 9 13 Largest 2 | . 2 2 2 2 2 2 Hottest 112 | . 60 76 111 112 108 112 Shots Fired 179 | . 10 42 36 49 18 24 Gun 130 | . 10 42 25 27 9 17 Cannon 49 | . . . 11 22 9 7 Launcher . | . . . . . . . Special . | . . . . . . . Kinetic 53 | . 5 22 7 . 9 10 Thermal 76 | . . 9 18 27 9 13 Explosive . | . . . . . . . Electromagnetic 50 | . 5 11 11 22 . 1 Robot Hit Streak 19 | . 4 12 19 14 12 19 Robot Miss Streak 4 | . 2 2 1 2 4 4 Penetration Max . | . . . . . . . Secondary Targets 1 | . . . . 1 . . Max Gunslinging Chain 1 | . . . . 1 . . Shots Hit Robots 159 | . 7 28 30 60 15 19 Core Hits 94 | . 3 16 13 18 22 22 Critical Kills . | . . . . . . . Critical Parts Destroyed 3 | . . . . 3 . . Critical Strikes 8 | . . . 1 5 . 2 Burn 5 | . . . 1 2 . 2 Smash 3 | . . . . 3 . . Melee Attacks 29 | . . . . 27 . 2 Impact 11 | . . . . 9 . 2 Slashing . | . . . . . . . Piercing . | . . . . . . . Sneak Attacks 17 | . . . . 17 . . Combat Hostiles . | . . . . . . . Follow-up Attacks . | . . . . . . . Damage Inflicted 3034 | . 193 375 509 1173 356 428 Guns 1591 | . 115 375 306 342 200 253 Cannons 906 | . . . 203 372 156 175 Explosions 266 | . 78 . . 188 . . Melee 271 | . . . . 271 . . Ramming . | . . . . . . . Kinetic 640 | . 55 135 56 . 200 194 Thermal 1366 | . 78 118 250 530 156 234 Explosive . | . . . . . . . Electromagnetic 757 | . 60 122 203 372 . . Impact 271 | . . . . 271 . . Slashing . | . . . . . . . Piercing . | . . . . . . . Highest Corruption . | . . . . . . . Average Corruption . | . . . . . . . Corruption Purged . | . . . . . . . Corruption Blocked . | . . . . . . . Overload Shots . | . . . . . . . Overflow Damage 129 | . . . . 129 . . Projectiles . | . . . . . . . Explosions . | . . . . . . . Melee 129 | . . . . 129 . . Knockbacks . | . . . . . . . Impact . | . . . . . . . Kinetic . | . . . . . . . Secondary . | . . . . . . . Self-Inflicted Damage 35 | . . . . 35 . . Shots 1 | . . . . 1 . . Rammed . | . . . . . . . Targets Rammed . | . . . . . . . Kicked . | . . . . . . . Crushed . | . . . . . . . Highest Temperature 279 | . 12 66 126 255 108 279 Average Temperature 79 | . 9 21 53 98 35 141 Received Heat Transfer 729 | . 12 60 108 261 18 270 Effects 2 | . . . . 2 . . Energy Bleed 2 | . . . . 2 . . Siege Activations . | . . . . . . . Robots Corrupted 1 | . . . . 1 . . Combat Hostiles 1 | . . . . 1 . . Parts Fried 5 | . . . 2 3 . . Impact Corruptions 5 | . . . . 5 . . Robots Melted . | . . . . . . . Combat Hostiles . | . . . . . . . Parts Melted 3 | . . . 1 . . 2 Heat Transferred 2961 | . 100 296 629 990 300 646 Parts Sabotaged . | . . . . . . . Parts Stolen . | . . . . . . . Parts Stripped . | . . . . . . . Power Chain Reactions 3 | . 1 . . 2 . . Missiles Intercepted . | . . . . . . . Alert | -11 -10 -9 -8 -8 -7 -7 ------- Run | Scr Mat Mat Mat Gar Fac Sto Peak Influence 872 | . 27 264 231 872 573 292 Initial 396 | . . 9 33 132 396 223 Average 256 | . 13 123 97 413 471 238 Maximum Alert Level 3 | . . 1 1 3 2 1 Low Security (%) 42 | . 100 67 91 9 . . Level 1 32 | . . 32 8 43 28 100 Level 2 21 | . . . . 38 71 . Level 3 3 | . . . . 8 . . Level 4 . | . . . . . . . Level 5 . | . . . . . . . High Security . | . . . . . . . Max Security . | . . . . . . . Squads Dispatched 4 | . . 1 . . . 3 Investigation . | . . . . . . . Extermination . | . . . . . . . Reinforcement 1 | . . 1 . . . . Assault 2 | . . . . . . 2 Garrison 1 | . . . . . . 1 Intercept . | . . . . . . . Construction Impeded . | . . . . . . . Haulers Reinforced . | . . . . . . . Active Scanning Responses . | . . . . . . . Cargo Convoy Interrupts . | . . . . . . . Stealth | -11 -10 -9 -8 -8 -7 -7 --------- Run | Scr Mat Mat Mat Gar Fac Sto Distress Signals 2 | . . 1 1 . . . Communications Jammed . | . . . . . . . Distress Signals . | . . . . . . . Times Spotted 77 | . 2 13 8 28 7 19 Peak Tracking Total 9 | . 1 5 3 4 3 9 Tactical Retreats 5 | . . 1 1 3 . . Traps | -11 -10 -9 -8 -8 -7 -7 ------- Run | Scr Mat Mat Mat Gar Fac Sto Traps Triggered 3 | . . 1 . . 2 . Indirectly . | . . . . . . . Trap Hack Attempts . | . . . . . . . Triggered . | . . . . . . . Disarmed . | . . . . . . . Reprogrammed . | . . . . . . . Reused . | . . . . . . . Traps Extracted . | . . . . . . . Installed . | . . . . . . . Triggered 1 | . . . . 1 . . Machines | -11 -10 -9 -8 -8 -7 -7 ---------- Run | Scr Mat Mat Mat Gar Fac Sto Machines Disabled 1 | . . . . 1 . . Max in Single Turn 1 | . . . . 1 . . Garrison Relay 1 | . . . . 1 . . Machines Sabotaged . | . . . . . . . Garrisons Compromised . | . . . . . . . Overloaded Fab Kills . | . . . . . . . Hacking | -11 -10 -9 -8 -8 -7 -7 --------- Run | Scr Mat Mat Mat Gar Fac Sto Machines Accessed 5 | . 1 . 2 . . 2 Terminals 1 | . . . . . . 1 Fabricators . | . . . . . . . Repair Stations . | . . . . . . . Recycling Units 1 | . 1 . . . . . Scanalyzers 1 | . . . 1 . . . Garrison Access 2 | . . . 1 . . 1 Total Hacks 7 | . 2 . 3 . . 2 Successful 7 | . 2 . 3 . . 2 Failed . | . . . . . . . Catastrophic . | . . . . . . . Database Lockouts . | . . . . . . . Manual 1 | . . . . . . 1 Terminals 1 | . . . . . . 1 Fabricators . | . . . . . . . Repair Stations . | . . . . . . . Recycling Units 2 | . 2 . . . . . Scanalyzers 2 | . . . 2 . . . Garrison Access 2 | . . . 1 . . 1 Terminal Hacks 1 | . . . . . . 1 Open Door 1 | . . . . . . 1 Fabricator Hacks . | . . . . . . . Repair Station Hacks . | . . . . . . . Recycling Unit Hacks 2 | . 2 . . . . . Report Inventory 1 | . 1 . . . . . Retrieve Components 1 | . 1 . . . . . Scanalyzer 2 | . . . 2 . . . Insert Component 1 | . . . 1 . . . Analyze 1 | . . . 1 . . . Garrison Access Hacks 1 | . . . 1 . . . Unlock Access 1 | . . . 1 . . . Unauthorized Hacks 1 | . . . . . . 1 Terminals . | . . . . . . . Fabricators . | . . . . . . . Repair Stations . | . . . . . . . Recycling Units . | . . . . . . . Scanalyzers . | . . . . . . . Garrison Access 1 | . . . . . . 1 Reprogram 1 | . . . . . . 1 Data Cores Recovered . | . . . . . . . Used . | . . . . . . . Hacking Detections 3 | . 1 . 1 . . 1 Full Trace Events . | . . . . . . . Feedback Events . | . . . . . . . Feedback Blocked . | . . . . . . . Robot Schematics Acquired . | . . . . . . . Robots Built . | . . . . . . . Authchips . | . . . . . . . Time . | . . . . . . . Total Robot Build Rating . | . . . . . . . Part Schematics Acquired . | . . . . . . . Parts Built . | . . . . . . . Authchips . | . . . . . . . Time . | . . . . . . . Total Part Build Rating . | . . . . . . . Parts Repaired . | . . . . . . . Time . | . . . . . . . Parts Recycled . | . . . . . . . Recycled Matter . | . . . . . . . Retrieved Matter . | . . . . . . . Retrieved Components 3 | . 3 . . . . . Parts Scanalyzed 1 | . . . 1 . . . Part Schematics Acquired . | . . . . . . . Parts Damaged . | . . . . . . . Bothacking | -11 -10 -9 -8 -8 -7 -7 ------------ Run | Scr Mat Mat Mat Gar Fac Sto Used RIF Installer 1 | . . . . 1 . . Robots Hacked . | . . . . . . . Non-combat . | . . . . . . . Combat . | . . . . . . . Robot Hacks Applied . | . . . . . . . Relay Couplers Released 5 | . . . . 5 . . Machine Destruction 5 | . . . . 5 . . Attached 1 | . . . . . . 1 Fabnet Peak Effective % . | . . . . . . . Robots Rewired 9 | . . . . 9 . . Allies Hacked . | . . . . . . . Hacks Repelled . | . . . . . . . Allies | -11 -10 -9 -8 -8 -7 -7 -------- Run | Scr Mat Mat Mat Gar Fac Sto Total Allies 11 | . . . . 9 . 2 Largest Group 7 | . . . . 7 5 4 Highest-Rated Group 125 | . . . . 125 96 102 Highest-Rated Ally 31 | . . . . 24 24 31 Total Orders . | . . . . . . . Ally Attacks 87 | . . . . 64 13 10 Total Damage 1163 | . . . . 785 231 147 Kills 20 | . . . . 14 5 1 Allies Corrupted 1 | . . . . . . 1 Allies Melted . | . . . . . . . Intel | -11 -10 -9 -8 -8 -7 -7 ------- Run | Scr Mat Mat Mat Gar Fac Sto Robot Analysis Total . | . . . . . . . Derelict Logs Recovered . | . . . . . . . Drone Launches . | . . . . . . . Drone Recoveries . | . . . . . . . Exploration | -11 -10 -9 -8 -8 -7 -7 ------------- Run | Scr Mat Mat Mat Gar Fac Sto Turns Passed 2287 | . 266 431 376 812 260 142 Spaces Moved 1013 | 1 169 151 139 368 130 55 Core 28 | . . . . . . 28 Treads 469 | . . . 139 330 . . Legs 516 | 1 169 151 . 38 130 27 Wheels . | . . . . . . . Hover . | . . . . . . . Flight . | . . . . . . . Fastest Speed 50 | 120 120 120 160 120 120 50 Average Speed 153 | 120 120 165 160 159 152 160 Slowest Speed 800 | 120 120 190 160 330 190 800 Overloaded Moves . | . . . . . . . Propulsion Burnouts . | . . . . . . . Robots Hopped . | . . . . . . . Cave-ins Triggered . | . . . . . . . Exploration Rate (%) 21 | 2 45 21 18 45 5 12 Regions Visited 6 Branch Regions 1 Pre-discovered Areas . | . . . . . . . Known Exits Taken 1 | . . . 1 . . . Unknown Exits Taken 4 | 1 1 1 . . 1 . Scrap Searched . | . . . . . . . Spaces Dug 2 | . . . . . . 2 Terrain Destroyed 12 | . 4 . . 6 . 2 Melee 2 | . . . . . . 2 Projectile . | . . . . . . . AOE 10 | . 4 . . 6 . . Terrain Rammed . | . . . . . . . Walls Destroyed . | . . . . . . . Machines Disabled . | . . . . . . . Actions | -11 -10 -9 -8 -8 -7 -7 --------- Run | Scr Mat Mat Mat Gar Fac Sto Total 1538 | . 221 292 257 515 173 80 Wait 327 | . 44 108 79 68 27 1 Move 1007 | . 168 150 139 366 129 55 Hop . | . . . . . . . Pick Up 32 | . 3 3 7 13 4 2 Fast Attach 2 | . . 1 . . . 1 Attach 22 | . . . 8 9 1 4 Detach . | . . . . . . . Swap 15 | . 1 3 2 6 2 1 Drop 12 | . . 5 4 1 1 1 Fire 92 | . 5 22 18 25 9 13 Melee 29 | . . . . 27 . 2 Ram . | . . . . . . . Kick . | . . . . . . . Crush . | . . . . . . . Escape Stasis . | . . . . . . . Rewire . | . . . . . . . Trap . | . . . . . . . Miscellaneous . | . . . . . . . Route ------- -11/Scrapyard -10/Materials -9/Materials -8/Materials -8/Garrison (discovered 2 exits: [*Fac x2]) -7/Factory -7/Storage History --------- Turn | Location | Event 1 | -11/Scrapyard | Discovered new exit (range 0) 1 | -11/Scrapyard | Entered Materials 244 | -10/Materials | Discovered new exit (range 12) 267 | -10/Materials | Entered another Materials area 267 | -9/Materials | Evolved 2 slots: Utility x2 321 | -9/Materials | Build established: Mutant 675 | -9/Materials | Discovered new exit (range 5) 698 | -9/Materials | Entered another Materials area 698 | -8/Materials | Evolved 2 slots: Propulsion x2 1063 | -8/Materials | Build established: Hacker-Mutant 1074 | -8/Materials | Identified exit to Garrison 1074 | -8/Materials | Entered Garrison 1126 | -8/Garrison | Triggered checkpoint 1202 | -8/Garrison | Discovered new exit (range 8) 1216 | -8/Garrison | Triggered checkpoint 1289 | -8/Garrison | Garrison Relay disabled 1450 | -8/Garrison | Triggered checkpoint 1790 | -8/Garrison | Triggered checkpoint 1847 | -8/Garrison | Lost 4 parts (2n1u1w) 1850 | -8/Garrison | Triggered checkpoint 1859 | -8/Garrison | Discovered new exit (range 12) 1880 | -8/Garrison | Installed Relay Interface Framework 1886 | -8/Garrison | Entered Factory 1886 | -7/Factory | Accompanied by 5 allies 1886 | -7/Factory | Evolved 2 slots: Utility x2 2029 | -7/Factory | Discovered new exit (range 19) 2146 | -7/Factory | Entered Storage 2146 | -7/Storage | Accompanied by 2 allies 2178 | -7/Storage | Build established: Bothacker-Mutant 2178 | -7/Storage | Met a pair of Derelict thieves 2199 | -7/Storage | Garrison activated, responded to threat 2265 | -7/Storage | Core integrity fell below 50% 2279 | -7/Storage | Core integrity fell below 20% 2288 | -7/Storage | Destroyed by G-47 Trooper with Particle Gun Last Messages --------------- 02255_ G-47 Trooper unfolds itself. 02255_ L-41 Fighter unfolds itself. 02255_ I-36 Angel unfolds itself. 02260_ Beam Rifle destroyed. 02260_ Hacking Suite destroyed. 02261_ The unstable cave ceiling collapses. 02261_ Beam Rifle destroyed. 02261_ Imp. Core Shielding destroyed. 02265_ The unstable cave ceiling collapses. 02265_ Adv. Visual Processing Unit severed. 02266_ Critical hit (Burn: +37). 02267_ Dropped Hcp. Storage Unit. 02268_ Acquired Relay Coupler [NC]. 02269_ Acquired 21 matter. 02274_ Connecting with Garrison Access... >>Trojan(Reprogram) Trojan loaded successfully. Testing... Dispatch confirmation system compromised. 02284_ Maul destroyed. Map ----- +----------------------------------------------------+ | ????????????????????????????? | | ????????????????????????????? | | ????????????????????????????? | | ????????????????????????????? | | ????????????????????????????? | | ????????????????????????????? | | ????????????????????????????? | | ????????????????????????????? | | ????????????????????????????? | | ????????????????????????????? | | ????????????????????????????? | | ????????????????????????????? | | ????????????????????????????? | | ????????????????????????????? | | ????????????????????????????? | | ????????????????????????????? | | ????????????????????????????? | | ????????????????????????????? | | ????????????????????????????? | | ????????????????????###?????? | | ???????????????????## #?????? | | ???????????????????#;######## | | ???????????????????## = # | | ????????????????????# s ""# | | ????????????????????# gss ""# | | ????????????????????# g @ G# | | ????????????????????# gs ""# | | ??????????????#######i ""# | | ?????####+##### # # | | ???? # """ # | | ???? " + """l # | | ???? "%" # """ # | | ????????#######*=[! # # | | ??????????????## =/ ######## | | ????????########]!!* #?????? | | ????????#!!! # [!!#########? | | ????????# # [ # **#? | | ????????#!!!!# !" * #? | | ????????######T # *#? | | ?????????????# # " #? | | ?????????????## # # * #? | | ??????????????## ## * *#? | | ???????????????# #########? | | ???????????????#####????????? | | ????????????????????????????? | | ????????????????????????????? | | ????????????????????????????? | | ????????????????????????????? | | ????????????????????????????? | | ????????????????????????????? | +----------------------------------------------------+ Best States ------------- Heat Dissipation 34 Energy Generation 18 Energy Capacity 310 Matter Stores 300 Matter Capacity 300 Sight Range 20 Robot Scan Range 14 Terrain Scan Density 10 Armor Coverage 150 Resistance: KI 20 Resistance: TH 20 Resistance: EX 20 Resistance: EM 20 Resistance: I 20 Resistance: S 20 Resistance: P 20 Core Shielding 30 Evasion (%) 55 Recoil Reduction 4 Offensive Hacking 20 Relay Coupler Types 1 Relay Coupler Value 37 Item Schematics ----------------- None Robot Schematics ------------------ None Fabricated ------------ Nothing Alien Tech Used ----------------- None Achievements -------------- None Challenges ------------ None Game ------ Seed TerrabombPointProjector Manual? 0 Play Time 00:22:39 Cumulative 325.2 hours Start 2022.02.04 @ 22:31:17 End 2022.02.05 @ 23:18:35 Sessions 3 Manual Loads 0 Difficulty Adventurer Special Mode None Game No. 257 Rogue 195 Adventurer 62 Explorer 0 Win Type - Total 2 Types 1/0/0/1/0/0/0/0/0 Lore% 47 Gallery% 69 Achievement% 47 Wizard Run 0 Options --------- ASCII 0 Keyboard 0 Movement Mouse Keybinds 0 Fullscreen 1 Font 18/SmallcapsGlow Map View 76x50 Tactical HUD 1 Map Filters NONE Filters NONE Steam 1 RUN: 3e45c6c6-12fb-4b16-ba9d-4d9a2c62c288